 Dungeon Crawl Stone Soup version 0.27-b1-16-g6517624069 (webtiles) character file.

Game seed: 2003181866989681192

3161 ZARRMARR the Cleaver (level 9, -6/78 HPs)
             Began as a Hill Orc Berserker on July 26, 2021.
             Was a High Priest of Trog.
             Mangled by an orc warrior (11 damage)
             ... in a bailey.
             The game lasted 01:08:27 (7872 turns).

ZARRMARR the Cleaver (Hill Orc Berserker)           Turns: 7872, Time: 01:08:28

Health: -6/78      AC: 13    Str: 23    XL:     9   Next: 94%
Magic:  9/9        EV: 11    Int:  7    God:    Trog [*****.]
Gold:   156        SH:  0    Dex: 10    Spells: 8/8 levels left

rFire    . . .     SeeInvis .   e - +6 executioner's axe (flame)
rCold    + . .     Faith    +   (shield currently unavailable)
rNeg     . . .     Spirit   .   D - +4 ring mail {rC+}
rPois    .         Reflect  .   H - +0 helmet
rElec    .         Harm     .   r - +0 cloak
rCorr    .         Rampage  .   p - +0 pair of gloves
Will     +++..                  (no boots)
Stlth    +.........             y - amulet of faith
HPRegen  1.23/turn              J - ring of willpower
MPRegen  0.11/turn              (no ring)

@: strong-willed, on berserk cooldown, regenerating, slowed, very slow
A: no striking features
a: Renounce Religion, Berserk, Trog's Hand, Brothers in Arms


You were in a bailey.
You worshipped Trog.
Trog was extremely pleased with you.
You visited 1 branch of the dungeon, and saw 7 of its levels.
You also visited: Bailey.

You collected 511 gold pieces.
You spent 355 gold pieces at shops.

Inventory:

Hand Weapons
 e - a +6 executioner's axe of flaming (weapon)
Missiles
 a - 10 arrows
 d - 206 stones
 g - 3 poisoned darts (quivered)
 j - 8 atropa-tipped darts
 s - 6 sling bullets
 v - 4 javelins
 w - 12 boomerangs
 E - 26 bolts
Armour
 p - a +0 pair of gloves (worn)
 r - a +0 cloak (worn)
 D - a +4 ring mail of cold resistance (worn)
 H - a +0 helmet (worn)
 L - a +0 tower shield
Magical Staves
 m - a staff of fire
Jewellery
 y - an amulet of faith (around neck)
 z - an amulet of magic regeneration
 J - a ring of willpower (left hand)
 K - a ring of fire
Wands
 o - a wand of digging (5)
 q - a wand of acid (14)
 t - a wand of mindburst (10)
Scrolls
 b - a scroll of silence
 f - 5 scrolls of teleportation
 x - a scroll of torment
 A - 2 scrolls of amnesia
 B - a scroll of fog
 C - a scroll of brand weapon
 I - 2 scrolls of blinking
Potions
 c - 3 potions of attraction
 h - 3 potions of might
 i - 2 potions of curing
 k - 2 potions of haste
 l - a potion of brilliance {unknown}
 n - a potion of cancellation {unknown}
 u - a potion of flight {unknown}
 F - a potion of heal wounds {unknown}
 G - a potion of invisibility {unknown}
 M - 2 potions of degeneration {unknown}


   Skills:
 + Level 6.5 Fighting
 * Level 14.2 Axes
 + Level 3.7 Throwing
 + Level 4.6 Armour
 + Level 2.3 Dodging
 + Level 0.7 Stealth


You had 8 spell levels left.
You didn't know any spells.
Your spell library contained the following spells:

 Spells                   Type           Power      Damage    Failure   Level
 Shock                    Conj/Air       0%         1d3       56%         1
 Call Canine Familiar     Summ           0%         N/A       91%         3
 Dazzling Flash           Conj/Hex       0%         N/A       91%         3
 Gell's Gravitas          Tloc           0%         N/A       91%         3
 Portal Projectile        Hex/Tloc       0%         N/A       91%         3
 Swiftness                Air            0%         N/A       91%         3
 Teleport Other           Tloc           0%         N/A       91%         3
 Airstrike                Air            0%         N/A       100%        4
 Iskenderun's Mystic Bla  Conj/Tloc      0%         2d3       100%        4
 Leda's Liquefaction      Hex/Erth       0%         N/A       100%        4
 Dispersal                Tloc           0%         N/A       100%        6
 Starburst                Conj/Fire      0%         8x6d3     100%        6


Dungeon Overview and Level Annotations

Branches:
Dungeon (7/15)             Temple (0/1) D:7          Bailey (1/1)

Altars:
Gozag
Hepliaklqana
Kikubaaqudgha
Makhleb
Nemelex Xobeh
Qazlal
Sif Muna
Trog
Zin
The Shining One

Shops:
D:3 (   D:5 [?*


Message History

The orc warrior hits you with a +0 war axe.
The orc warrior hits you with a +0 broad axe.
You closely miss the orc warrior.
The orc warrior is moderately wounded.
You closely miss the orc warrior.
The orc warrior hits you with a +0 war axe!
You slash the orc warrior! You burn the orc warrior.
The orc warrior is severely wounded.
You closely miss the orc warrior.
The orc warrior hits you with a +0 broad axe!!
The orc warrior hits you with a +0 war axe!
You hit the orc warrior. You burn the orc warrior.
The orc warrior is almost dead.
You closely miss the orc warrior.
The orc warrior hits you with a +0 broad axe!!
* * * LOW HITPOINT WARNING * * *
The orc warrior hits you with a +0 war axe!
* * * LOW HITPOINT WARNING * * *
Okay, then.
You completely miss the orc warrior.
The orc warrior is severely wounded.
You slice the orc warrior!! You burn the orc warrior.
You kill the orc warrior!
Trog accepts your kill.
You are no longer berserk.
You are exhausted.
You feel yourself slow down.
Your skin crawls.
You feel strong-willed.
The orc warrior hits you but does no damage.
The orc warrior misses you.
The hobgoblin hits you but does no damage.
The gnoll hits you with a +0 war axe.
* * * LOW HITPOINT WARNING * * *
The orc warrior hits you with a +0 war axe!
* * * LOW HITPOINT WARNING * * *
The hobgoblin hits you with a +0 hand axe.
* * * LOW HITPOINT WARNING * * *
The orc warrior hits you with a +0 war axe!
You die...

#...(≈.≈((.^#
#'###≈.≈###'#
#....≈.≈(...#
#'###≈.≈###'#
#^...≈.≈....#
#'###≈.≈###'#
#...(≈.≈....#
######)######
#.@.#


#gog# #.g.# ##g## g.g ..8.. .#...#. ####.#### ... You could see an orc warrior,
2 gnolls, a hobgoblin and 3 goblins.

Vanquished Creatures
  Duvessa (D:4)
  4 orc warriors
  2 black bears
  4 ogres
  2 phantoms
  4 kobold brigands
  2 wyvern zombies (D:5)
  2 scorpions
  Dowan (D:4)
  3 water moccasin skeletons (D:5)
  5 wights
  3 vampire bats (D:5)
  3 howler monkeys
  A bullfrog zombie (D:6)
  A hound (D:5)
  2 jellies
  6 orc priests
  A gnoll shaman (D:5)
  A centaur skeleton (D:7)
  3 iguanas
  5 orc wizards
  A mummy (D:4)
  6 gnolls
  A howler monkey skeleton (D:5)
  2 adders
  3 worms
  2 dart slugs
  22 orcs
  8 ball pythons
  5 bats (D:1)
  5 bat skeletons (D:5)
  A bat zombie (D:5)
  15 endoplasms
  3 giant cockroaches
  12 goblins
  13 hobgoblins
  8 jackals
  40 kobolds
  4 quokkas
  7 frilled lizards
  6 rats
220 creatures vanquished.

Vanquished Creatures (others)
  An orc wizard (D:7)
  11 plants (D:7)
12 creatures vanquished.

Grand Total: 232 creatures vanquished

Notes
Turn   | Place    | Note
-------+----------+-------------------------------------------
     0 | D:1      | ZARRMARR the Hill Orc Berserker began the quest for the
                  | Orb.
     0 | D:1      | Reached XP level 1. HP: 19/19 MP: 1/1
   266 | D:1      | Reached XP level 2. HP: 4/27 MP: 2/2
   627 | D:1      | Found a faded altar of an unknown god.
  1051 | D:1      | Reached XP level 3. HP: 16/33 MP: 3/3
  1486 | D:1      | Reached skill level 5 in Axes
  1549 | D:1      | Identified a scroll of acquirement
  1551 | D:1      | Acquired a +4 executioner's axe of flaming
  1609 | D:2      | Reached ** piety under Trog
  2242 | D:2      | Reached XP level 4. HP: 40/40 MP: 4/4
  2335 | D:2      | Found a glowing silver altar of Zin.
  2860 | D:3      | Reached skill level 6 in Axes
  2908 | D:3      | Reached skill level 1 in Throwing
  2908 | D:3      | Reached XP level 5. HP: 46/46 MP: 5/5
  3041 | D:3      | Found Archoar's Antique Weapon Emporium.
  3130 | D:3      | Reached skill level 7 in Axes
  3143 | D:3      | Reached XP level 6. HP: 47/53 MP: 6/6
  3646 | D:4      | Reached *** piety under Trog
  3652 | D:4      | Reached skill level 8 in Axes
  3653 | D:4      | Reached XP level 7. HP: 36/60 MP: 7/7
  3945 | D:4      | Found an opulent altar of Gozag.
  3957 | D:4      | Reached skill level 9 in Axes
  4315 | D:4      | Reached skill level 5 in Fighting
  4633 | D:4      | Noticed Duvessa
  4639 | D:4      | Noticed Dowan
  4640 | D:4      | Killed Duvessa
  4649 | D:4      | Killed Dowan
  4650 | D:4      | Reached skill level 10 in Axes
  4650 | D:4      | Reached XP level 8. HP: 63/68 MP: 8/8
  4937 | D:5      | Entered Level 5 of the Dungeon
  5009 | D:5      | Found a hazy altar of Hepliaklqana.
  5009 | D:5      | Found a stormy altar of Qazlal.
  5020 | D:5      | Found a glowing golden altar of the Shining One.
  5023 | D:5      | Found a shimmering blue altar of Sif Muna.
  5025 | D:5      | Found a bloodstained altar of Trog.
  5119 | D:5      | Found Etupn's Armour Boutique.
  5220 | D:5      | Found Baghodgh's Magic Scroll Emporium.
  5220 | D:5      | Found Quazxeagg's Assorted Antiques.
  5233 | D:5      | Bought a scroll of identify for 28 gold pieces
  5233 | D:5      | Bought a scroll of identify for 28 gold pieces
  5233 | D:5      | Bought a scroll of identify for 28 gold pieces
  5233 | D:5      | Bought a scroll of identify for 28 gold pieces
  5233 | D:5      | Bought a scroll of identify for 28 gold pieces
  5233 | D:5      | Bought a scroll of identify for 28 gold pieces
  5245 | D:5      | Bought a scroll of enchant weapon for 187 gold pieces
  5272 | D:5      | Reached skill level 11 in Axes
  5438 | D:5      | Found a sparkling altar of Nemelex Xobeh.
  5439 | D:5      | Found a glowing silver altar of Zin.
  5441 | D:5      | Found a burning altar of Makhleb.
  5472 | D:5      | Reached **** piety under Trog
  5721 | D:5      | Reached skill level 12 in Axes
  5948 | D:5      | Found an ancient bone altar of Kikubaaqudgha.
  5954 | D:5      | Reached XP level 9. HP: 74/75 MP: 9/9
  6492 | D:5      | Reached skill level 13 in Axes
  7459 | D:7      | Found a staircase to the Ecumenical Temple.
  7665 | D:7      | Reached skill level 14 in Axes
  7697 | D:7      | Found a flagged portal.
  7704 | Bailey   | Entered a bailey
  7780 | Bailey   | Reached ***** piety under Trog
  7871 | Bailey   | HP: 3/78 [hobgoblin (4)]
  7872 | Bailey   | Mangled by an orc warrior

Illustrated notes

Levels and vault maps discovered:
D:1:      ebering_hopf_link, layout_basic, ebering_ecumenical_altar_mist,
          minmay_pentomino_t2
D:2:      layout_basic, basic_altar, grunt_ministairs_3
D:3:      layout_rooms, serial_shops, shop
D:4:      layout_cave_pods, nicolae_overflow_hidden_temple,
          nicolae_gozag_seed_capital, gup_ossuary_entry_pyramid,
          kennysheep_small_circle, uniq_duvessa
D:5:      cheibrodos_thug_alley, layout_loops_ring, kennysheep_vampire_church,
          grunt_temple_overflow_open, chequers_temple_overflow_minitemple,
          nicolae_wooded_promenade, skrybe_limestone_x
D:6:      layout_rooms, minmay_misc_feat_ornament
D:7:      layout_basic, minmay_temple_entry_junction, enter_bailey_3,
          serial_bayou_lake_a
Bailey:   bailey_axe_1, bailey

Skill      XL: |  1  2  3  4  5  6  7  8  9 |
---------------+----------------------------+-----
Fighting       | 4 5 6 |  6.5
Axes           | 5 6 7 8 10 12 14 | 14.2
Throwing       | 1 2 3 |  3.7
Dodging        | 2 |  2.3
Armour         | 3 4 |  4.6
Stealth        | |  0.7

Action                   |  1- 3 |  4- 6 |  7- 9 || total
-------------------------+-------+-------+-------++-------
Melee: Hand axe          |    79 |       |       ||    79
       Executioner's axe |    24 |    60 |   204 ||   288
Throw: Stone             |    79 |    51 |   106 ||   236
       Dart              |       |       |    73 ||    73
Invok: Berserk           |     2 |     2 |    11 ||    15
       Trog's Hand       |       |       |     2 ||     2
  Use: Scroll            |     3 |     1 |    12 ||    16
Armor: Animal skin       |    21 |       |       ||    21
       Ring mail         |       |    13 |   115 ||   128
Dodge: Dodged            |    51 |    32 |   156 ||   239
